 Dungeon Crawl Stone Soup version 0.29.1-2-gbd0b4ee654 (webtiles) character file.

Game seed: 11171452049294754821

100 qeuew the Sneak (level 4, -7/21 HPs)
             Began as a Spriggan Enchanter on Nov 11, 2022.
             Mangled by a gnoll
             ... wielding a +0 halberd
              (13 damage)
             ... on level 3 of the Dungeon.
             The game lasted 00:04:07 (3588 turns).

qeuew the Sneak (Spriggan Enchanter)                Turns: 3588, Time: 00:04:08

Health: -7/21      AC:  2    Str:  4    XL:     4   Next: 46%
Magic:  6/10       EV: 18    Int: 16    God:
Gold:   202        SH:  0    Dex: 17    Spells: 1/9 levels left

rFire   . . .      SeeInvis +   f - +4 dagger (elec)
rCold   . . .      Faith    .   (no shield)
rNeg    . . .      Spirit   .   b - +0 robe
rPois   .          Reflect  .   (helmet restricted)
rElec   .          Harm     .   (no cloak)
rCorr   .          Rampage  .   (gloves unavailable)
Will    .....                   (boots unavailable)
Stlth   +++.......              (no amulet)
HPRegen 0.07/turn               g - ring of flight
MPRegen 0.12/turn               (no ring)

@: flying, very slightly contaminated, very quick
A: very small, no large weapons, unfitting armour, see invisible, speed 3
a: no special abilities


You were on level 3 of the Dungeon.
You visited 1 branch of the dungeon, and saw 3 of its levels.

You collected 202 gold pieces.

Inventory:

Hand Weapons
 a - a +2 dagger
 f - a +4 dagger of electrocution (weapon)
Armour
 b - a +0 robe (worn)
Jewellery
 g - a ring of flight (left hand)
Scrolls
 e - a scroll of poison {unknown}
 h - a scroll of magic mapping
 j - a scroll of identify
Potions
 c - 2 potions of invisibility
 d - 2 potions of brilliance
 i - a potion of flight {unknown}
 k - a potion of mutation {unknown}
 l - a potion of magic
 m - a potion of lignification {unknown}


   Skills:
 + Level 2.1 Short Blades
 + Level 3.4 Dodging
 * Level 5.9 Stealth
 + Level 3.4 Spellcasting
 + Level 4.3 Hexes


You had one spell level left.
You knew the following spells:

 Your Spells              Type           Power      Damage    Failure   Level
a - Ensorcelled Hibernat  Hex/Ice        18%        N/A       11%         2
b - Confusing Touch       Hex            16%        N/A       10%         3
c - Tukima's Dance        Hex            16%        N/A       10%         3

Your spell library contained the following spells:

 Spells                   Type           Power      Damage    Failure   Level
 Dazzling Flash           Conj/Hex       18%        N/A       22%         3
 Gell's Gravitas          Tloc           2%         N/A       47%         3
 Lesser Beckoning         Tloc           2%         N/A       47%         3
 Teleport Other           Tloc           2%         N/A       47%         3


Dungeon Overview and Level Annotations

Branches:
Dungeon (3/15)

Altars:

Shops:
D:2 *


Innate Abilities, Weirdness & Mutations

You are very small and have problems with some larger weapons.
You are too small for most types of armour.
You have supernaturally acute eyesight. (SInv)
You cover ground extremely quickly. (Speed+++)


Message History

No target in view!
A frilled lizard comes into view.
A frilled lizard is nearby!
A frilled lizard is nearby!
A goblin comes into view.
It is wielding a +0 club. 2 gnolls come into view.
The gnoll shouts! x2; You hear a shout!
The goblin shouts!
The frilled lizard bites you but does no damage.
You hit the goblin. Lightning courses through the goblin!
You kill the goblin!
A gnoll comes into view. It is wielding a +0 halberd.
The frilled lizard misses you.
You barely miss the frilled lizard. The frilled lizard barely misses you.
You hit the frilled lizard but do no damage.
The gnoll hits you from afar with a +0 halberd.
The frilled lizard closely misses you.
You barely miss the frilled lizard. The gnoll hits you but does no damage.
The frilled lizard misses you.
There are monsters nearby!
There are monsters nearby!
The frilled lizard resists with significant effort.
The frilled lizard closely misses you.
You closely miss the frilled lizard.
The gnoll hits you from afar with a +0 halberd!
Ouch! That really hurt!
* * * LOW HITPOINT WARNING * * *
The frilled lizard completely misses you.
You are too injured to fight recklessly!
You hit the frilled lizard.
You kill the frilled lizard!
The gnoll barely misses you.
Aiming: Ensorcelled Hibernation (safe; 11% risk of failure)
Press: ? - help, Q - select action Shift-Dir - straight line, f - gnoll
Aim: a gnoll, wielding a +0 halberd (chance to affect: 51%)
You miscast Ensorcelled Hibernation.
You are very lightly contaminated with residual magic.
Nothing appears to happen.
The gnoll hits you from afar with a +0 halberd!
Ouch! That really hurt!
You die...

...g....#
#...#####.#
.########
#......##.# .
#...##.##.# .
###.##.##.#
#.......#
####.#### #g#
##.# #.@# #.##
#.# #. #.# #. #.#
######. #######.#
.......##...[...#
........#.#######
.....#.#.#


You could see a gnoll.

Vanquished Creatures
  A gnoll (D:1)
  3 adders (D:2)
  3 dart slugs
  4 ball pythons
  8 endoplasms
  2 giant cockroaches
  7 goblins
  3 hobgoblins
  4 jackals
  A quokka (D:3)
  5 bats
  3 frilled lizards
  7 kobolds
  6 rats
  A spectral goblin (D:1)
58 creatures vanquished.

Notes
Turn   | Place    | Note
-------+----------+-------------------------------------------
     0 | D:1      | qeuew the Spriggan Enchanter began the quest for the Orb.
     0 | D:1      | Reached XP level 1. HP: 9/9 MP: 5/5
    97 | D:1      | Found a faded altar of an unknown god.
   241 | D:1      | Reached XP level 2. HP: 13/13 MP: 6/6
   253 | D:1      | Learned a level 2 spell: Ensorcelled Hibernation
   685 | D:1      | Reached skill level 5 in Stealth
  1244 | D:1      | Reached XP level 3. HP: 16/16 MP: 8/8
  2238 | D:2      | Identified the +11 spear of Biobiel {spect, rN+ Int+7
                  | Dex-3}
  2656 | D:2      | Learned a level 3 spell: Confusing Touch
  2660 | D:2      | Learned a level 3 spell: Tukima's Dance
  2691 | D:2      | Reached XP level 4. HP: 21/21 MP: 9/9
  2738 | D:2      | Found Bixkai's General Store.
  3588 | D:3      | Mangled by a gnoll

Illustrated notes

Levels and vault maps discovered:
D:1:      dpeg_arrival_signposts, layout_loops_ring,
          dreamdust_ecumenical_altar_drowned_temple
D:2:      layout_loops_ring, serial_shops, nicolae_square_shop, minmay_vboxes
D:3:      layout_loops_cross

Skill      XL: |  1  2  3  4 |
---------------+-------------+-----
Dodging        | 3 |  3.4
Stealth        | 5 |  5.9
Spellcasting   | 3 |  3.4
Hexes          | 4 |  4.3
Short Blades   | 2 |  2.1

Action                   |  1- 3 |  4- 6 || total
-------------------------+-------+-------++-------
Melee: Dagger            |   119 |    31 ||   150
       Punch             |     4 |       ||     4
 Cast: Ensorcelled Hiber |     9 |     1 ||    10
  Use: Potion            |     1 |       ||     1
       Scroll            |     3 |     6 ||     9
 Stab: Sleeping          |    15 |     9 ||    24
Armor: Robe              |     9 |     2 ||    11
Dodge: Dodged            |    82 |    18 ||   100
